Workbook

Sheet LOOKUP
A1: =VLOOKUP( ) > Search in Vertical tables.
A2: =HLOOKUP( ) > Search in Horizontal tables.
A3: =XLOOKUP( ) > Can replace Vlookup and Hlookup. Only present in newer Excel versions.
A4: =INDEX + MATCH( ) > Can replace Vlookup and Hlookup.

Sheet COSTS LIST VERTICAL
A1: UPDATE DATE | B1: LOCATION | C1: PRODUCT NAME | D1: BRAND NAME | E1: COST
A2: 45292 | B2: A1 | C2: Probiotic | D2: B002 | E2: 76.3
A3: 45292.5 | B3: A2 | C3: Vitamin C | D3: B004 | E3: 64.7
A4: 45293 | B4: A3 | C4: Krill Oil | D4: B004 | E4: 84.6
A5: 45293.5 | B5: B1 | C5: Zinc | D5: B003 | E5: 68.8
A6: 45294 | B6: B2 | C6: Collagen | D6: B003 | E6: 60.6
A7: 45294.5 | B7: B3 | C7: Calcium | D7: B002 | E7: 89.9
A8: 45295.5 | B8: C2 | C8: Multivitamin | D8: B002 | E8: 94.9
A9: 45296 | B9: C3 | C9: NAC (N-Acetyl Cysteine) | D9: B001 | E9: 69.4
A10: 45296.5 | B10: D1 | C10: Protein Powder | D10: B001 | E10: 77.7
A11: 45297 | B11: D2 | C11: Green Tea | D11: B001 | E11: 62.6
A12: 45297.5 | B12: D3 | C12: Multimineral | D12: B004 | E12: 66.8
A13: 45298.5 | B13: E3 | C13: Vitamin K | D13: B001 | E13: 70.7
... A20: 45302 | B20: H1 | C20: B-Complex | D20: B002 | E20: 55.5

Sheet VLOOKUP XLOOKUP
A1: ORDER DATE | B1: SALES PERSON | C1: BRAND NAME | D1: PRODUCT NAME | E1: COST | F1: PRICE | G1: GROSS PROFIT | I1: SHELF LOCATION
A2: 45292 | B2: John | C2: B002 | D2: Probiotic | E2: =VLOOKUP(D2,'COSTS LIST VERTICAL'!C:E,3,FALSE) -> 76.3 | F2: 91.56 | G2: =F2-E2 -> 15.26 | I2: {=XLOOKUP(D2,'COSTS LIST VERTICAL'!C:C,'COSTS LIST VERTICAL'!B:B)} -> A1
A3: 45293 | B3: Anna | C3: B004 | D3: Vitamin C | F3: 77.64 | G3: =F3-E3 -> 77.64 | I3: {=XLOOKUP(D3,'COSTS LIST VERTICAL'!C:C,'COSTS LIST VERTICAL'!B:B)} -> A2
A4: 45294 | B4: John | C4: B004 | D4: Krill Oil | F4: 101.52 | G4: =F4-E4 -> 101.52 | I4: {=XLOOKUP(D4,'COSTS LIST VERTICAL'!C:C,'COSTS LIST VERTICAL'!B:B)} -> A3
A5: 45295 | B5: John | C5: B003 | D5: Zinc | F5: 82.56 | G5: =F5-E5 -> 82.56 | I5: {=XLOOKUP(D5,'COSTS LIST VERTICAL'!C:C,'COSTS LIST VERTICAL'!B:B)} -> B1
A6: 45296 | B6: John | C6: B003 | D6: Collagen | F6: 72.72 | G6: =F6-E6 -> 72.72 | I6: {=XLOOKUP(D6,'COSTS LIST VERTICAL'!C:C,'COSTS LIST VERTICAL'!B:B)} -> B2
A7: 45297 | B7: Anna | C7: B002 | D7: Calcium | F7: 107.88 | G7: =F7-E7 -> 107.88 | I7: {=XLOOKUP(D7,'COSTS LIST VERTICAL'!C:C,'COSTS LIST VERTICAL'!B:B)} -> B3
A8: 45299 | B8: Anna | C8: B002 | D8: Multivitamin | F8: 113.88 | G8: =F8-E8 -> 113.88 | I8: {=XLOOKUP(D8,'COSTS LIST VERTICAL'!C:C,'COSTS LIST VERTICAL'!B:B)} -> C2
A9: 45300 | B9: Anna | C9: B002 | D9: Multivitamin | F9: 113.88 | G9: =F9-E9 -> 113.88 | I9: {=XLOOKUP(D9,'COSTS LIST VERTICAL'!C:C,'COSTS LIST VERTICAL'!B:B)} -> C2
A10: 45301 | B10: Anna | C10: B001 | D10: NAC (N-Acetyl Cysteine) | F10: 83.28 | G10: =F10-E10 -> 83.28 | I10: {=XLOOKUP(D10,'COSTS LIST VERTICAL'!C:C,'COSTS LIST VERTICAL'!B:B)} -> C3
A11: 45302 | B11: John | C11: B004 | D11: Vitamin C | F11: 77.64 | G11: =F11-E11 -> 77.64 | I11: {=XLOOKUP(D11,'COSTS LIST VERTICAL'!C:C,'COSTS LIST VERTICAL'!B:B)} -> A2
A12: 45303 | B12: Anna | C12: B004 | D12: Krill Oil | F12: 101.52 | G12: =F12-E12 -> 101.52 | I12: {=XLOOKUP(D12,'COSTS LIST VERTICAL'!C:C,'COSTS LIST VERTICAL'!B:B)} -> A3
A13: 45304 | B13: Anna | C13: B004 | D13: Vitamin C | F13: 77.64 | G13: =F13-E13 -> 77.64 | I13: {=XLOOKUP(D13,'COSTS LIST VERTICAL'!C:C,'COSTS LIST VERTICAL'!B:B)} -> A2
A14: 45305 | B14: John | C14: B001 | D14: Protein Powder | F14: 93.24 | G14: =F14-E14 -> 93.24 | I14: {=XLOOKUP(D14,'COSTS LIST VERTICAL'!C:C,'COSTS LIST VERTICAL'!B:B)} -> D1
... A94: 45414 | B94: John | C94: B004 | D94: Vitamin C | F94: 77.64 | G94: =F94-E94 -> 77.64 | I94: {=XLOOKUP(D94,'COSTS LIST VERTICAL'!C:C,'COSTS LIST VERTICAL'!B:B)} -> A2
I95: {=XLOOKUP(D95,'COSTS LIST VERTICAL'!C:C,'COSTS LIST VERTICAL'!B:B)} -> #N/A

Sheet HLOOKUP XLOOKUP
A1: ORDER DATE | B1: SALES PERSON | C1: BRAND NAME | D1: PRODUCT NAME | E1: COST | F1: PRICE | G1: GROSS PROFIT | I1: SHELF LOCATION
A2: 45292 | B2: John | C2: B002 | D2: Probiotic | E2: =HLOOKUP(D2,'COSTS LIST HORIZONTAL'!$3:$5,3,FALSE) -> 76.3 | F2: 91.56 | G2: =F2-E2 -> 15.26 | I2: {=XLOOKUP(D2,'COSTS LIST HORIZONTAL'!$3:$3,'COSTS LIST HORIZONTAL'!$2:$2)} -> A1
A3: 45293 | B3: Anna | C3: B004 | D3: Vitamin C | E3: =HLOOKUP(D3,'COSTS LIST HORIZONTAL'!$3:$5,3,FALSE) -> 64.7 | F3: 77.64 | G3: =F3-E3 -> 12.94
A4: 45294 | B4: John | C4: B004 | D4: Krill Oil | E4: =HLOOKUP(D4,'COSTS LIST HORIZONTAL'!$3:$5,3,FALSE) -> 84.6 | F4: 101.52 | G4: =F4-E4 -> 16.92
A5: 45295 | B5: John | C5: B003 | D5: Zinc | E5: =HLOOKUP(D5,'COSTS LIST HORIZONTAL'!$3:$5,3,FALSE) -> 68.8 | F5: 82.56 | G5: =F5-E5 -> 13.76
A6: 45296 | B6: John | C6: B003 | D6: Collagen | E6: =HLOOKUP(D6,'COSTS LIST HORIZONTAL'!$3:$5,3,FALSE) -> 60.6 | F6: 72.72 | G6: =F6-E6 -> 12.12
A7: 45297 | B7: Anna | C7: B002 | D7: Calcium | E7: =HLOOKUP(D7,'COSTS LIST HORIZONTAL'!$3:$5,3,FALSE) -> 89.9 | F7: 107.88 | G7: =F7-E7 -> 17.98
A8: 45299 | B8: Anna | C8: B002 | D8: Multivitamin | E8: =HLOOKUP(D8,'COSTS LIST HORIZONTAL'!$3:$5,3,FALSE) -> 94.9 | F8: 113.88 | G8: =F8-E8 -> 18.98
A9: 45300 | B9: Anna | C9: B002 | D9: Multivitamin | E9: =HLOOKUP(D9,'COSTS LIST HORIZONTAL'!$3:$5,3,FALSE) -> 94.9 | F9: 113.88 | G9: =F9-E9 -> 18.98
A10: 45301 | B10: Anna | C10: B001 | D10: NAC (N-Acetyl Cysteine) | E10: =HLOOKUP(D10,'COSTS LIST HORIZONTAL'!$3:$5,3,FALSE) -> 69.4 | F10: 83.28 | G10: =F10-E10 -> 13.88
A11: 45302 | B11: John | C11: B004 | D11: Vitamin C | E11: =HLOOKUP(D11,'COSTS LIST HORIZONTAL'!$3:$5,3,FALSE) -> 64.7 | F11: 77.64 | G11: =F11-E11 -> 12.94
A12: 45303 | B12: Anna | C12: B004 | D12: Krill Oil | E12: =HLOOKUP(D12,'COSTS LIST HORIZONTAL'!$3:$5,3,FALSE) -> 84.6 | F12: 101.52 | G12: =F12-E12 -> 16.92
A13: 45304 | B13: Anna | C13: B004 | D13: Vitamin C | E13: =HLOOKUP(D13,'COSTS LIST HORIZONTAL'!$3:$5,3,FALSE) -> 64.7 | F13: 77.64 | G13: =F13-E13 -> 12.94
A14: 45305 | B14: John | C14: B001 | D14: Protein Powder | E14: =HLOOKUP(D14,'COSTS LIST HORIZONTAL'!$3:$5,3,FALSE) -> 77.7 | F14: 93.24 | G14: =F14-E14 -> 15.54
... A17: 45308 | B17: John | C17: B001 | D17: Green Tea | E17: =HLOOKUP(D17,'COSTS LIST HORIZONTAL'!$3:$5,3,FALSE) -> 62.6 | F17: 75.12 | G17: =F17-E17 -> 12.52
A18: 45309 | B18: John | C18: B004 | D18: Multimineral | F18: 80.16 | G18: =F18-E18 -> 80.16
A19: 45311 | B19: John | C19: B002 | D19: Calcium | F19: 107.88 | G19: =F19-E19 -> 107.88
A20: 45313 | B20: John | C20: B001 | D20: Vitamin K | F20: 84.84 | G20: =F20-E20 -> 84.84
A21: 45314 | B21: Anna | C21: B004 | D21: B-12 | F21: 114.24 | G21: =F21-E21 -> 114.24
A22: 45315 | B22: John | C22: B004 | D22: B-12 | F22: 114.24 | G22: =F22-E22 -> 114.24
A23: 45316 | B23: John | C23: B004 | D23: Vitamin C | F23: 77.64 | G23: =F23-E23 -> 77.64
A24: 45317 | B24: John | C24: B003 | D24: Collagen | F24: 72.72 | G24: =F24-E24 -> 72.72
A25: 45318 | B25: John | C25: B001 | D25: Protein Powder | F25: 93.24 | G25: =F25-E25 -> 93.24
A26: 45319 | B26: Anna | C26: B002 | D26: Multivitamin | F26: 113.88 | G26: =F26-E26 -> 113.88
A27: 45320 | B27: Anna | C27: B002 | D27: Fish Oil | F27: 99.6 | G27: =F27-E27 -> 99.6
A28: 45321 | B28: Anna | C28: B003 | D28: Joint Health | F28: 61.32 | G28: =F28-E28 -> 61.32
A29: 45322 | B29: John | C29: B004 | D29: Fiber | F29: 76.08 | G29: =F29-E29 -> 76.08
... A94: 45414 | B94: John | C94: B004 | D94: Vitamin C | F94: 77.64 | G94: =F94-E94 -> 77.64

Sheet COSTS LIST HORIZONTAL
A1: UPDATE DATE | B1: 45292 | C1: 45292.5 | D1: 45293 | E1: 45293.5 | F1: 45294 | G1: 45294.5 | H1: 45295.5 | I1: 45296 | J1: 45296.5 | K1: 45297 | L1: 45297.5 | M1: 45298.5 | N1: 45299 | O1: 45299.5 | P1: 45300 | Q1: 45300.5 | R1: 45301 | S1: 45301.5 | T1: 45302
A2: LOCATION | B2: A1 | C2: A2 | D2: A3 | E2: B1 | F2: B2 | G2: B3 | H2: C2 | I2: C3 | J2: D1 | K2: D2 | L2: D3 | M2: E3 | N2: F1 | O2: F2 | P2: F3 | Q2: G1 | R2: G2 | S2: G3 | T2: H1
A3: PRODUCT NAME | B3: Probiotic | C3: Vitamin C | D3: Krill Oil | E3: Zinc | F3: Collagen | G3: Calcium | H3: Multivitamin | I3: NAC (N-Acetyl Cysteine) | J3: Protein Powder | K3: Green Tea | L3: Multimineral | M3: Vitamin K | N3: B-12 | O3: Fish Oil | P3: Joint Health | Q3: Fiber | R3: Magnesium | S3: Digestive Enzymes | T3: B-Complex
A4: BRAND NAME | B4: B002 | C4: B004 | D4: B004 | E4: B003 | F4: B003 | G4: B002 | H4: B002 | I4: B001 | J4: B001 | K4: B001 | L4: B004 | M4: B001 | N4: B004 | O4: B002 | P4: B003 | Q4: B004 | R4: B001 | S4: B001 | T4: B002
A5: COST | B5: 76.3 | C5: 64.7 | D5: 84.6 | E5: 68.8 | F5: 60.6 | G5: 89.9 | H5: 94.9 | I5: 69.4 | J5: 77.7 | K5: 62.6 | L5: 66.8 | M5: 70.7 | N5: 95.2 | O5: 83 | P5: 51.1 | Q5: 63.4 | R5: 68.1 | S5: 85.4 | T5: 55.5

Sheet INDEX MATCH
A1: ORDER DATE | B1: SALES PERSON | C1: BRAND NAME | D1: PRODUCT NAME | E1: COST | F1: PRICE | G1: GROSS PROFIT | I1: SHELF LOCATION
A2: 45292 | B2: John | C2: B002 | D2: Probiotic | E2: {=INDEX('COSTS LIST VERTICAL'!E:E,MATCH('INDEX MATCH'!D2,'COSTS LIST VERTICAL'!C:C,0))} -> 76.3 | F2: 91.56 | G2: =F2-E2 -> 15.26 | I2: {=INDEX('COSTS LIST VERTICAL'!B:B,MATCH('INDEX MATCH'!D2,'COSTS LIST VERTICAL'!C:C,0))} -> A1
A3: 45293 | B3: Anna | C3: B004 | D3: Vitamin C | E3: {=INDEX('COSTS LIST HORIZONTAL'!$5:$5,,MATCH('INDEX MATCH'!D3,'COSTS LIST HORIZONTAL'!$3:$3,0))} -> 64.7 | F3: 77.64 | G3: =F3-E3 -> 12.94 | I3: {=INDEX('COSTS LIST HORIZONTAL'!$2:$2,,MATCH('INDEX MATCH'!D3,'COSTS LIST HORIZONTAL'!$3:$3,0))} -> A2
A4: 45294 | B4: John | C4: B004 | D4: Krill Oil | F4: 101.52 | G4: =F4-E4 -> 101.52
A5: 45295 | B5: John | C5: B003 | D5: Zinc | F5: 82.56 | G5: =F5-E5 -> 82.56
A6: 45296 | B6: John | C6: B003 | D6: Collagen | F6: 72.72 | G6: =F6-E6 -> 72.72
A7: 45297 | B7: Anna | C7: B002 | D7: Calcium | F7: 107.88 | G7: =F7-E7 -> 107.88
A8: 45299 | B8: Anna | C8: B002 | D8: Multivitamin | F8: 113.88 | G8: =F8-E8 -> 113.88
A9: 45300 | B9: Anna | C9: B002 | D9: Multivitamin | F9: 113.88 | G9: =F9-E9 -> 113.88
A10: 45301 | B10: Anna | C10: B001 | D10: NAC (N-Acetyl Cysteine) | F10: 83.28 | G10: =F10-E10 -> 83.28
A11: 45302 | B11: John | C11: B004 | D11: Vitamin C | F11: 77.64 | G11: =F11-E11 -> 77.64
A12: 45303 | B12: Anna | C12: B004 | D12: Krill Oil | F12: 101.52 | G12: =F12-E12 -> 101.52
A13: 45304 | B13: Anna | C13: B004 | D13: Vitamin C | F13: 77.64 | G13: =F13-E13 -> 77.64
A14: 45305 | B14: John | C14: B001 | D14: Protein Powder | F14: 93.24 | G14: =F14-E14 -> 93.24
A15: 45306 | B15: John | C15: B002 | D15: Calcium | F15: 107.88 | G15: =F15-E15 -> 107.88
... A94: 45414 | B94: John | C94: B004 | D94: Vitamin C | F94: 77.64 | G94: =F94-E94 -> 77.64

Sheet JOPAEXCEL
A1: JOPAEXCEL
